 Dungeon Crawl Stone Soup version 0.31.0-4-g52a2dc7128 (console) character file.

Game seed: 9993191492303159002

192 AlterAsc the Slasher (level 5, 0/30 HPs)
             Began as a Tengu Gladiator on Jan 23, 2024.
             Succumbed to a scorpion's poison
             ... on level 4 of the Dungeon.
             The game lasted 00:04:46 (2036 turns).

AlterAsc the Slasher (Tengu Gladiator)              Turns: 2036, Time: 00:04:47

Health: 0/30       AC:  6    Str: 11 (14) XL:     5   Next: 71%
Magic:  6/6        EV: 12    Int:  6 (7)  God:
Gold:   137        SH:  0    Dex: 20 (21) Spells: 4/4 levels left

rFire   . . .        a - +0 long sword
rCold   . . .        (no shield)
rNeg    . . .        h - +0 ring mail
rPois   .            v - +1 hat
rElec   .            (no cloak)
rCorr   +            (no gloves)
SInv    .            (boots unavailable)
Will    +....        (no amulet)
Stlth   +            o - ring of flight
HPRegen 0.25/turn    s - ring of resist corrosion
MPRegen 0.10/turn

%: acrobat, clarity
@: mighty, lethally poisoned (0 -> -5), attractive, enlightened, flying, hasted,
very quick
A: beak, talons 3, acrobatic, agile 1, clarity, high MP 1
a: no special abilities


You were on level 4 of the Dungeon.
You visited 1 branch of the dungeon, and saw 4 of its levels.

You collected 137 gold pieces.

Inventory:

Hand Weapons
 a - a +0 long sword (weapon)
Missiles
 d - 4 throwing nets
 e - a javelin
 i - 14 poisoned darts (quivered)
Armour
 b - a +0 leather armour
 c - a +0 hat
 h - a +0 ring mail (worn)
 v - a +1 hat (worn)
Jewellery
 o - a ring of flight (left hand)
 s - a ring of resist corrosion (right hand)
Scrolls
 m - 3 scrolls of identify {unknown}
 n - 3 scrolls of teleportation {unknown}
 p - a scroll of poison {unknown}
 r - a scroll of immolation {unknown}
 t - a scroll of revelation {unknown}
Potions
 u - a potion of brilliance {unknown}


   Skills:
 - Level 2.0 Fighting
 + Level 6.8 Long Blades
 - Level 2.0 Throwing
 - Level 3.2 Dodging


You had 4 spell levels left.
You didn't know any spells.
Your spell library was empty.

Dungeon Overview and Level Annotations

Branches:
Dungeon (4/15)
 Temple: D:4-7

Altars:

Shops:
D:3 [:[


Innate Abilities, Weirdness & Mutations

You have a beak for a mouth.
You have claws for feet.
You can magically evade attacks while moving or waiting.
You are agile. (Dex +4, Str/Int -1)
You possess an exceptional clarity of mind.
You have an increased reservoir of magic. (+10% MP)


Message History

The scorpion stings you.
You are poisoned.
The scorpion poisons you! The scorpion barely misses you.
You completely miss the scorpion. You claw the scorpion!
The scorpion is almost dead.
You feel very sick.
The scorpion stings you but does no damage.
You closely miss the scorpion.
The scorpion is almost dead.
You feel sick. The scorpion stings you.
You are lethally poisoned!
The scorpion poisons you!
You hit the scorpion.
You kill the scorpion!
You feel very sick.
You are too injured to fight recklessly!
It was a potion of might.
You feel very mighty all of a sudden.
* * * LOW HITPOINT WARNING * * *
You feel very sick.
It was a potion of degeneration.
There was something very wrong with that liquid.
You feel weakened.
You feel dopey.
You feel clumsy.
* * * LOW HITPOINT WARNING * * *
You feel very sick.
It was a potion of haste.
You feel yourself speed up.
* * * LOW HITPOINT WARNING * * *
You feel very sick.
It was a potion of attraction.
You feel attractive to monsters.
* * * LOW HITPOINT WARNING * * *
You feel sick.
Okay, then.
It was a potion of enlightenment.
You feel more buoyant.
* * * LOW HITPOINT WARNING * * *
You feel sick.
It was a potion of mutation.
You feel extremely strange.
You feel agile.
Your thoughts seem clearer.
You feel more energetic.
You die...

#.................#
#......[..††......#
#.................#
#.................#
####.......#####.##
#.......### ..#
#.).......# ..
#.........#
####.........#
#..........###
#.....@....#
#.......####
#..........
#............
#.............#
#.............#
#..........####
############


There were no monsters in sight!

Vanquished Creatures
  A scorpion (D:4)
  A hound (D:3)
  3 adders
  A dart slug (D:1)
  2 ribbon worms
  5 orcs (D:3)
  4 ball pythons
  8 bats
  5 endoplasms
  2 giant cockroaches
  5 goblins
  5 hobgoblins
  5 jackals
  A quokka (D:2)
  4 frilled lizards
  3 kobolds
  5 rats
60 creatures vanquished.

Notes
Turn   | Place    | Note
-------+----------+-------------------------------------------
     0 | D:1      | AlterAsc the Tengu Gladiator began the quest for the Orb.
     0 | D:1      | Reached XP level 1. HP: 12/12 MP: 2/2
   168 | D:1      | Reached XP level 2. HP: 17/17 MP: 3/3
   181 | D:1      | Reached skill level 4 in Long Blades
   732 | D:2      | Reached XP level 3. HP: 21/21 MP: 4/4
  1027 | D:2      | Reached skill level 5 in Long Blades
  1295 | D:3      | Found Kuosojuw's Book Shop.
  1447 | D:3      | Reached XP level 4. HP: 26/26 MP: 5/5
  1660 | D:3      | Found Qasareun's Armour Shop.
  1814 | D:3      | Reached skill level 6 in Long Blades
  1814 | D:3      | Reached XP level 5. HP: 26/30 MP: 6/6
  1886 | D:3      | Found Laaheoc's Antique Armour Shoppe.
  2035 | D:4      | HP: 1/30 [poisoned by a scorpion]
  2036 | D:4      | Gained mutation: You are agile. (Dex +4, Str/Int -1)
                  | [potion of mutation]
  2036 | D:4      | Gained mutation: You possess an exceptional clarity of
                  | mind. [potion of mutation]
  2036 | D:4      | Gained mutation: You have an increased reservoir of magic.
                  | (+10% MP) [potion of mutation]
  2036 | D:4      | Succumbed to a scorpion's poison

Illustrated notes

Levels and vault maps discovered:
D:1:      minmay_arrival_jagged, layout_loops_ring, chequers_arboretum
D:2:      layout_rooms, minmay_fountain_box
D:3:      layout_loops_cross, serial_shops, nicolae_shop_pleasant_corner_grove,
          nicolae_shop_waterfront, shop, minmay_misc_feat_tiny,
          serial_bayou_pond_b, bh_walls_and_bars
D:4:      wander_river, layout_basic, kennysheep_okawaru_gauntlet,
          cheibrodos_sewer_entry_bend

Skill      XL: |  1  2  3  4 |
---------------+-------------+-----
Long Blades    | 4 5 6 |  6.8
Fighting       | |  2.0
Throwing       | |  2.0
Dodging        | |  3.2

Action                     |  1- 3 |  4- 6 || total
---------------------------+-------+-------++-------
  Melee: Long sword        |    87 |    56 ||   143
         Kick              |    15 |    13 ||    28
         Peck              |     9 |     6 ||    15
         Punch             |     1 |     2 ||     3
    Use: Potion            |       |     6 ||     6
 Armour: Leather armour    |     5 |       ||     5
         Ring mail         |    45 |    33 ||    78
  Dodge: Dodged            |    64 |    48 ||   112
